 Dungeon Crawl Stone Soup version 0.31-a0-187-gba352fbbf7 (webtiles) character file.

Game seed: 2550826149982372536

126 qw the Skirmisher (level 4, -6/25 HPs)
             Began as a Deep Elf Hunter on June 22, 2023.
             Mangled by an adder (9 damage)
             ... on level 4 of the Dungeon.
             The game lasted 00:00:44 (2184 turns).

qw the Skirmisher (Deep Elf Hunter)                 Turns: 2184, Time: 00:00:44

Health: -6/25      AC:  5    Str: 10    XL:     4   Next: 84%
Magic:  6/6        EV:  2    Int: 14    God:
Gold:   661        SH:  0    Dex: 18    Spells: 3/3 levels left

rFire   . . .        Y - +1 shortbow
rCold   . . .        (shield currently unavailable)
rNeg    . . .        h - +0 ring mail
rPois   .            (no helmet)
rElec   .            (no cloak)
rCorr   .            (no gloves)
SInv    .            (no boots)
Will    .....        e - amulet of reflection
Stlth   +            (no ring)
HPRegen 0.24/turn    (no ring)
MPRegen 0.10/turn

%: reflection
@: lethally poisoned (-6 -> -16), sleeping
A: no striking features
a: no special abilities


You were on level 4 of the Dungeon.
You visited 1 branch of the dungeon, and saw 4 of its levels.

You collected 661 gold pieces.


   Skills:
 - Level 1.5 Fighting
 + Level 8.2 Ranged Weapons
 - Level 2.4 Dodging
 - Level 1.2 Stealth


You had 3 spell levels left.
You didn't know any spells.
Your spell library was empty.

Inventory:

Hand Weapons
 Y - a +1 shortbow (weapon)
Armour
 h - a +0 ring mail (worn)
Jewellery
 e - an amulet of reflection (around neck)
Scrolls
 a - 5 scrolls of teleportation
 c - a scroll of identify
Potions
 d - a potion of heal wounds
 f - 3 potions of curing
 g - a potion of might {unknown}
 i - a potion of degeneration {unknown}
 j - a potion of invisibility {unknown}

Dungeon Overview and Level Annotations

Branches:
Dungeon (4/15)
 Temple: D:4-7

Altars:
Sif Muna


Message History

The hobgoblin shouts!
The arrow hits the adder.
The adder is lightly wounded.
The adder barely misses you.
You shoot an arrow. The arrow hits the adder.
The adder is moderately wounded.
The adder misses you. The sleepcap misses you.
The adder bites you but does no damage.
You shoot an arrow. The arrow barely misses the adder.
The arrow hits the hobgoblin.
The hobgoblin is moderately wounded.
You block the adder's attack. The adder bites you.
You are poisoned.
The adder poisons you! The sleepcap misses you.
You shoot an arrow. The arrow hits the adder.
The adder is heavily wounded.
You feel sick. You block the adder's attack. The adder bites you.
You are more poisoned.
The adder poisons you! The sleepcap completely misses you.
The adder completely misses you. The adder misses you.
You shoot an arrow. The arrow hits the adder.
The adder is severely wounded.
You feel very sick.
The sleepcap releases spores at you but does no damage.
The adder bites you.
You are more poisoned.
The adder poisons you! The adder bites you but does no damage.
You shoot an arrow. The arrow hits the adder.
The adder is almost dead.
You feel very sick. The adder barely misses you. The adder closely misses you.
The sleepcap releases spores at you. The adder bites you.
You are more poisoned.
The adder poisons you! The adder bites you but does no damage.
The sleepcap releases spores at you.
You are engulfed in a cloud of soporific spores!
You fall asleep.
You feel very sick. The adder bites you!
You die...

####.# .# #. ..##.# ...
.. #.##.# ## #.# #.
#.##.# #. ..... ##.##.#
#. #.#. #.....##### #.
..g #.........# #.
.#.#.#S###..<.####.####.
....>.f@................
$#.#.#S#......####.##.#.
..####.....# #.##...
...# #.........##...
#...# #####.######...
##+# .# #... # #... #.#.
#...


You could see a sleepcap, 2 adders and a hobgoblin.

Vanquished Creatures
  Jessica (D:2)
  3 adders
  A worm (D:3)
  4 dart slugs
  3 orcs (D:3)
  5 ball pythons
  2 endoplasms
  A giant cockroach (D:1)
  2 goblins
  3 hobgoblins
  12 jackals
  5 kobolds
  4 quokkas
  2 bats
  2 frilled lizards (D:1)
  6 rats
56 creatures vanquished.

Notes
Turn   | Place    | Note
-------+----------+-------------------------------------------
     0 | D:1      | qw the Deep Elf Hunter began the quest for the Orb.
     0 | D:1      | Reached XP level 1. HP: 12/12 MP: 3/3
     0 | D:1      | 0 ||| qw: Version: 0.3-a-9-g12657ce
     0 | D:1      | 0 ||| qw: Game counter: 2248
     0 | D:1      | 0 ||| qw: Always use a shield: true
     0 | D:1      | 0 ||| qw: God list: Okawaru
     0 | D:1      | 0 ||| qw: Allow faded altars: false
     0 | D:1      | 0 ||| qw: Do Orc after D:15 true
     0 | D:1      | 0 ||| qw: Do second Lair branch before Depths: true
     0 | D:1      | 0 ||| qw: Lair rune preference: random
     0 | D:1      | 0 ||| qw: Plans: Normal
     0 | D:1      | 0 ||| PLANNING D:1-11
    46 | D:1      | Reached skill level 6 in Ranged Weapons
    46 | D:1      | Reached XP level 2. HP: 16/16 MP: 4/4
   411 | D:1      | Reached XP level 3. HP: 20/20 MP: 5/5
   497 | D:1      | 497 ||| UPGRADING to +0 ring mail.
   507 | D:1      | 507 ||| DROPPING +0 leather armour.
   508 | D:1      | 508 ||| READING scroll labelled QOPRATS BEBBU.
   509 | D:1      | 509 ||| READING scroll labelled COD ISKEFFAE.
   510 | D:1      | 510 ||| DROPPING scroll of butterflies.
   767 | D:2      | Reached skill level 7 in Ranged Weapons
   932 | D:2      | Noticed Jessica
   939 | D:2      | Killed Jessica
   940 | D:2      | Reached XP level 4. HP: 12/25 MP: 6/6
  1105 | D:2      | HP: 6/25 [poisoned by an adder]
  1354 | D:2      | 1354 ||| UPGRADING to amulet of reflection.
  1359 | D:2      | 1359 ||| READING 2 scrolls labelled JONLURE JIRES.
  1362 | D:2      | 1362 ||| READING scroll labelled AHUTHR RIRCH.
  1363 | D:2      | 1363 ||| READING scroll labelled UPNEUS KOEWNE.
  1364 | D:2      | 1364 ||| DRINKING 2 murky golden potions.
  1427 | D:3      | HP: 6/25 [poisoned by a kobold]
  1597 | D:3      | Reached skill level 8 in Ranged Weapons
  1740 | D:3      | Found a shimmering blue altar of Sif Muna.
  1872 | D:3      | 1872 ||| READING scroll labelled TYFFUO KUDIYNA.
  1872 | D:3      | Identified a scroll of acquirement
  1872 | D:3      | 1872 ||| ACQUIRING 536 gold pieces
  1872 | D:3      | Acquired 536 gold pieces
  1874 | D:3      | 1874 ||| READING scroll labelled ZAIVEEMNYPN.
  1875 | D:3      | 1875 ||| DRINKING 2 fuming ruby potions.
  1876 | D:3      | 1876 ||| READING 2 scrolls of identify.
  1876 | D:3      | 1876 ||| IDENTIFYING smoky sapphire potion
  1877 | D:3      | 1877 ||| DROPPING potion of brilliance.
  2183 | D:4      | HP: 6/25 [sleepcap (1)]
  2184 | D:4      | Mangled by an adder

Levels and vault maps discovered:
D:1:      kennysheep_arrival_forest, layout_rooms
D:2:      layout_basic, uniq_jessica
D:3:      layout_rooms, lemuel_doored_altar
D:4:      layout_loops_corners, kennysheep_okawaru_gauntlet, st_stairs_9

Skill      XL: |  1  2  3  4 |
---------------+-------------+-----
Ranged Weapons | 6 7 8 |  8.2
Fighting       | |  1.5
Dodging        | |  2.4
Stealth        | |  1.2

Action                     |  1- 3 |  4- 6 || total
---------------------------+-------+-------++-------
   Fire: Shortbow          |    92 |    57 ||   149
    Use: Scroll            |     2 |     6 ||     8
         Potion            |       |     2 ||     2
 Armour: Leather armour    |     4 |       ||     4
         Ring mail         |     7 |     8 ||    15
  Dodge: Dodged            |    23 |    15 ||    38
  Block: Other             |       |     2 ||     2

Table legend:
 A = Non-vault XP
 B = Vault XP
 C = Vault XP percentage of total XP
 D = Non-vault monster count
 E = Vault monster count
 F = Vault count percentage of total count
                 A         B        C        D         E       F
            +---------+---------+-------+---------+---------+-------
      Total |     144 |      37 |  20.4 |      55 |       1 |   1.8
            +---------+---------+-------+---------+---------+-------
        D:1 |      48 |       0 |   0.0 |      26 |       0 |   0.0
        D:2 |      39 |      37 |  48.7 |      14 |       1 |   6.7
        D:3 |      50 |       0 |   0.0 |      11 |       0 |   0.0
        D:4 |       7 |       0 |   0.0 |       4 |       0 |   0.0
            +---------+---------+-------+---------+---------+-------
